 Dungeon Crawl Stone Soup version 0.27-a0-1342-ga99462a43c (webtiles) character file.

Game seed: 5105134669719853601

31838 Delamore the Unseen (level 13, -1/90 HPs)
             Began as an Octopode Brigand on June 27, 2021.
             Was an Initiate of Gozag.
             Slain by a seven-headed hydra (6 damage)
             ... on level 3 of the Lair of Beasts.
             The game lasted 00:29:08 (18727 turns).

Delamore the Unseen (Octopode Brigand)             Turns: 18727, Time: 00:29:09

Health: -1/90      AC:  5    Str: 19    XL:     13   Next: 60%
Magic:  4/4        EV: 19    Int: 13    God:    Gozag
Gold:   628        SH:  7    Dex: 18    Spells: 11/12 levels left

rFire    + . .     SeeInvis .   N - +2 dagger (antimagic)
rCold    + + +     Faith    .   p - +1 buckler
rNeg     + . .     Spirit   .   (helmet restricted)
rPois    .         Reflect  .   M - amulet of regeneration
rElec    .         Harm     .   i - +4 ring of protection
rCorr    .         Rampage  .   z - ring of protection from fire
Will     +....                  K - +4 ring of slaying
Stlth    +++++++...             I - ring of Silef {Wiz rC+ Str+2}
HPRegen  1.25/turn              w - +6 ring of strength
MPRegen  0.09/turn              L - ring of willpower
                                S - ring of positive energy
                                T - ring of protection from cold

@: no status effects
A: almost no armour, amphibious, 8 rings, camouflage 1, gelatinous body 1,
(nimble swimmer 1), tentacles, cold resistance 1
a: Renounce Religion, Potion Petition, Call Merchant, Bribe Branch


You were on level 3 of the Lair of Beasts.
You worshipped Gozag.
Gozag was pleased with you.
You visited 3 branches of the dungeon, and saw 15 of its levels.
You visited 1 bazaar.
You also visited: Sewer, Ossuary and Bailey.

You collected 2659 gold pieces.
You spent 639 gold pieces at shops.
You paid 1392 gold pieces to Gozag.

Inventory:

Hand Weapons
 a - a +2 dagger of chaos
 N - a +2 antimagic dagger (weapon)
Missiles
 b - 69 poisoned darts
 c - 2 curare-tipped darts
 e - 16 boomerangs
 m - 12 throwing nets (quivered)
 F - 7 javelins
Armour
 p - a +1 buckler (worn)
Jewellery
 i - a +4 ring of protection (left tentacle)
 w - a +6 ring of strength (on tentacle)
 z - a ring of protection from fire (right tentacle)
 A - an amulet of the acrobat
 H - a ring of magical power
 I - the ring of Silef (on tentacle) {Wiz rC+ Str+2}
   (You found it on level 8 of the Dungeon)

   [ring of wizardry]

   It improves your spell success rate.
   It affects your strength (+2).
   It protects you from cold.
 K - a +4 ring of slaying (on tentacle)
 L - a ring of willpower (on tentacle)
 M - an amulet of regeneration (around mantle)
 S - a ring of positive energy (on tentacle)
 T - a ring of protection from cold (on tentacle)
 V - a ring of poison resistance
Wands
 t - a wand of digging (9)
 v - a wand of paralysis (8)
 Q - a wand of iceblast (12)
 R - a wand of mindburst (7)
 U - a wand of charming (18)
Scrolls
 l - 4 scrolls of fog
 o - 2 scrolls of amnesia
 q - 3 scrolls of fear
 y - a scroll of magic mapping
 B - 4 scrolls of enchant armour
 D - 5 scrolls of immolation
 E - 7 scrolls of teleportation
 G - 2 scrolls of enchant weapon
 O - a scroll of holy word
Potions
 d - 2 potions of haste
 f - 4 potions of lignification
 g - a potion of mutation
 h - 5 potions of brilliance
 j - 2 potions of heal wounds
 k - 6 potions of curing
 n - a potion of ambrosia {unknown}
 r - a potion of flight
 s - 4 potions of might
 u - 3 potions of degeneration
 x - 3 potions of resistance
 C - 3 potions of attraction
 P - 3 potions of magic {unknown}
Miscellaneous
 J - a phial of floods (inert)


   Skills:
 + Level 9.2 Fighting
 - Level 10.0 Short Blades
 + Level 9.4 Throwing
 - Level 10.0 Dodging
 + Level 16.4 Stealth
 + Level 5.0 Shields
 - Level 5.0 Evocations


You had 11 spell levels left.
You knew the following spells:

 Your Spells              Type           Power      Damage    Failure   Level
a - Summon Small Mammal   Summ           0%         N/A       12%         1

Your spell library contained the following spells:

 Spells                   Type           Power      Damage    Failure   Level
 Animate Skeleton         Necr           0%         N/A       12%         1
 Apportation              Tloc           0%         N/A       12%         1
 Corona                   Hex            0%         N/A       12%         1
 Passwall                 Tmut/Erth      0%         N/A       19%         2
 Summon Lightning Spire   Summ/Air       0%         N/A       73%         4
 Blade Hands              Tmut           0%         N/A       96%         5
 Irradiate                Conj/Tmut      0%         3d13      96%         5
 Silence                  Hex/Air        0%         N/A       96%         5
 Conjure Ball Lightning   Conj/Air       0%         3x3d6     100%        6
 Statue Form              Tmut/Erth      0%         N/A       100%        6
 Dragon Form              Tmut           0%         N/A       100%        7
 Storm Form               Tmut/Air       0%         N/A       100%        7


Dungeon Overview and Level Annotations

Branches:
Dungeon (11/15)            Temple (1/1) D:7            Lair (3/6) D:11
 Shoals (0/4) Lair:2        Sewer (visited)         Ossuary (visited)
 Bailey (visited)
  Snake: Lair:2-4    Spider: Lair:2-4       Orc: D:9-12

Altars:
Ashenzari
Cheibriados
Dithmenos
Elyvilon
Fedhas
Gozag
Hepliaklqana
Kikubaaqudgha
Makhleb
Okawaru
Qazlal
Ru
Sif Muna
Trog
Uskayaw
Wu Jian
Xom
Yredelemnul
Zin
The Shining One

Shops:
D:1 (   D:5 (   D:8 ?   Lair:1 *

Annotations:
D:9 2 transporters, exclusion: ice statue
D:10 3 runed translucent doors, Delamore's ghost, novice FoFi
D:11 exclusion: obsidian statue


Innate Abilities, Weirdness & Mutations

You cannot wear most types of armour.
You are amphibious.
You can wear up to eight rings at the same time.
Your skin changes colour to match your surroundings (Stealth+).
Your rubbery body absorbs attacks. (AC +1, EV +1)
((You are camouflaged near water. (Stealth+)))
You have tentacles for arms and can constrict up to eight enemies at once.
Your flesh is cold resistant. (rC+)


Message History

The seven-headed hydra is severely wounded.
You barely miss the seven-headed hydra. You squeeze the seven-headed hydra!
The seven-headed hydra is severely wounded.
The seven-headed hydra bites you!
The seven-headed hydra completely misses you.
The seven-headed hydra bites you!
* * * LOW HITPOINT WARNING * * *
The seven-headed hydra completely misses you.
The seven-headed hydra misses you. The seven-headed hydra bites you!
* * * LOW HITPOINT WARNING * * *
You block the seven-headed hydra's attack.
A nearby plant withers and dies.
There is a stone staircase leading up here.
Okay, then.
Throw: 12 throwing nets
Press: ? - help, Q - select action, (/) - cycle Shift-Dir - straight line, f/p - seven-headed hydra
Aim: a seven-headed hydra (severely wounded, 85% to hit)
Okay, then.
You feel much better.
You block the seven-headed hydra's attack.
The seven-headed hydra closely misses you.
The seven-headed hydra completely misses you.
The seven-headed hydra misses you.
The seven-headed hydra completely misses you.
The seven-headed hydra bites you but does no damage.
The seven-headed hydra bites you.
* * * LOW HITPOINT WARNING * * *
You hit the seven-headed hydra. You squeeze the seven-headed hydra!
The seven-headed hydra is almost dead.
You puncture the seven-headed hydra!
The seven-headed hydra is almost dead.
The seven-headed hydra bites you!
* * * LOW HITPOINT WARNING * * *
The seven-headed hydra bites you!
* * * LOW HITPOINT WARNING * * *
The seven-headed hydra bites you.
* * * LOW HITPOINT WARNING * * *
The seven-headed hydra bites you.
You die...
Your body crumbles into a pile of gold.

#........
#.......#
##.......##
#.........#
#.......!##
#....(..#.#
#........#
#......@.#
#......D##
#........#
#........#
#......$.#
#....$>..#
##....$..##
#...$$...#
#....$...#


You could see a seven-headed hydra.

Vanquished Creatures
  A frost giant (D:9)
  An ice dragon (D:9)
  4 hydras
  A two-headed ogre (D:11)
  The ghost of hofbold the Ducker, a novice DjMo of Elyvilon (D:8)
  The ghost of Sokar the Thrower, a novice OgHu (D:5)
  An ugly thing (D:11)
  Pikel (D:9)
  A cyclops (D:8)
  A black mamba (D:8)
  A black mamba (shapeshifter) (D:8)
  Psyche (D:9)
  A gargoyle (D:10)
  5 komodo dragons
  4 cane toads
  An unseen horror (D:8)
  2 rime drakes
  Grinder (D:5)
  Prince Ribbit (D:5)
  4 blink frogs (Lair:3)
  A wraith (D:10)
  7 wyverns
  3 shadows
  11 yaks
  Grum (D:11)
  3 basilisks
  A hog (shapeshifter) (D:8)
  A steam dragon (D:7)
  6 water moccasins
  3 acid dragons
  15 ice beasts
  A black bear (D:5)
  3 orc warriors
  A sky beast (D:6)
  2 ogres
  A blink frog zombie (D:9)
  3 centaurs
  10 wolves
  A lemure (D:9)
  2 phantoms (D:6)
  An elf zombie (Ossuary)
  3 kobold brigands
  6 bullfrogs
  A scorpion (D:5)
  10 gnoll sergeants
  15 killer bees
  13 wights
  4 howler monkeys
  6 electric eels (D:9)
  6 centaur zombies
  2 hounds (Bailey)
  3 orc priests
  10 gnoll shamans
  6 human zombies
  2 bullfrog skeletons
  2 jellies (D:6)
  Natasha (thrice) (D:2)
  7 iguanas
  8 orc wizards
  A hound zombie (Ossuary)
  3 mummies (Ossuary)
  A howler monkey zombie (D:6)
  34 gnolls
  2 howler monkey skeletons
  9 adders
  A shadow imp (D:6)
  An adder zombie (Ossuary)
  A worm (D:2)
  A dart slug (D:1)
  26 orcs
  4 bats (Sewer)
  7 endoplasms
  4 giant cockroaches (D:5)
  A gnoll zombie (Ossuary)
  5 goblins
  7 hobgoblins
  3 jackals
  23 kobolds
  4 quokkas
  11 ball pythons
  2 frilled lizards (D:2)
  2 goblin zombies (Ossuary)
  6 hobgoblin zombies (Ossuary)
  2 jackal zombies (Ossuary)
  3 kobold zombies (Ossuary)
  An orc zombie (Ossuary)
  7 quokka zombies (Ossuary)
  6 rats
  3 rat zombies
399 creatures vanquished.

Vanquished Creatures (others)
  A dancing weapon (D:8)
  7 fungi
  12 plants
20 creatures vanquished.

Grand Total: 419 creatures vanquished

Notes
Turn   | Place    | Note
-------+----------+-------------------------------------------
     0 | D:1      | Delamore the Octopode Brigand began the quest for the Orb.
     0 | D:1      | Reached XP level 1. HP: 14/14 MP: 1/1
    48 | D:1      | Found Eblawot's Weapon Boutique.
   124 | D:1      | Reached XP level 2. HP: 19/19 MP: 2/2
   624 | D:2      | Reached skill level 6 in Stealth
   729 | D:2      | Reached XP level 3. HP: 25/25 MP: 3/3
   777 | D:2      | Found a faded altar of an unknown god.
  1040 | D:2      | Noticed Natasha
  1041 | D:2      | Killed Natasha
  1042 | D:2      | Reached XP level 4. HP: 30/30 MP: 4/4
  1100 | D:2      | Noticed Natasha
  1101 | D:2      | Found an ornate altar of the Wu Jian Council.
  1103 | D:2      | Killed Natasha
  1256 | D:2      | Noticed Natasha
  1264 | D:2      | Killed Natasha
  1265 | D:2      | Reached skill level 7 in Stealth
  1587 | D:3      | Found a shadowy altar of Dithmenos.
  1592 | D:3      | Reached XP level 5. HP: 36/36 MP: 5/5
  2961 | D:4      | Reached XP level 6. HP: 42/42 MP: 6/6
  3037 | D:4      | Reached skill level 8 in Stealth
  3215 | D:5      | Entered Level 5 of the Dungeon
  3215 | D:5      | Noticed Prince Ribbit
  3225 | D:5      | Killed Prince Ribbit
  3264 | D:5      | Found a glowing drain.
  3268 | D:5      | Reached XP level 7. HP: 42/47 MP: 7/7
  3270 | D:5      | Reached skill level 9 in Stealth
  3273 | Sewer    | Entered a sewer
  3903 | D:5      | Reached skill level 10 in Stealth
  3908 | D:5      | Found Fasof's Weapon Emporium.
  4161 | D:5      | Noticed Grinder
  4168 | D:5      | Paralysed by Grinder for 4 turns
  4188 | D:5      | Killed Grinder
  4189 | D:5      | Reached skill level 5 in Fighting
  4189 | D:5      | Reached skill level 5 in Short Blades
  4189 | D:5      | Reached XP level 8. HP: 28/55 MP: 8/8
  4432 | D:5      | Found a runed translucent door.
  4434 | D:5      | Noticed Sokar's ghost (novice OgHu)
  4511 | D:5      | Killed Sokar's ghost
  4874 | D:5      | Reached XP level 9. HP: 61/61 MP: 9/9
  6126 | D:6      | Reached skill level 1 in Shields
  6126 | D:6      | Reached skill level 1 in Evocations
  6854 | D:6      | Reached skill level 10 in Short Blades
  7604 | D:7      | You fall into a shaft and drop 2 floors!
  7604 | D:9      | Found a blossoming altar of Fedhas.
  7708 | D:9      | Found a stormy altar of Qazlal.
  7925 | D:9      | Found a transporter.
  7928 | D:9      | Noticed a green ugly thing
  7932 | D:9      | Found a transporter.
  7932 | D:9      | Noticed a troll
  7934 | D:9      | Noticed a hornet
  7935 | D:9      | Noticed a white ugly thing
  7942 | D:9      | Found a burning altar of Makhleb.
  7945 | D:9      | Noticed Pikel
  7969 | D:9      | Killed Pikel
  7970 | D:9      | Reached XP level 10. HP: 52/66 MP: 10/10
  8620 | D:9      | Noticed an ice statue
  8654 | D:8      | Found an iron altar of Okawaru.
  8683 | D:8      | Found an ancient bone altar of Kikubaaqudgha.
  8685 | D:8      | Found a sand-covered staircase.
  8696 | Ossuary  | Entered an ossuary
  8799 | Ossuary  | Reached skill level 5 in Throwing
  9077 | Ossuary  | Reached skill level 5 in Evocations
  9211 | D:7      | Found a staircase to the Ecumenical Temple.
  9237 | Temple   | Entered the Ecumenical Temple
  9246 | Temple   | Became a worshipper of Gozag Ym Sagoz the Greedy
  9256 | Temple   | Reached XP level 11. HP: 78/78 MP: 11/11
  9665 | D:7      | Found a white marble altar of Elyvilon.
  9681 | D:7      | Found a bloodstained altar of Trog.
  9911 | D:7      | Gained mutation: Your magical capacity is low. (-10% MP)
                  | [potion of mutation]
  9911 | D:7      | Gained mutation: You are partially covered in iridescent
                  | scales. (AC +2) [potion of mutation]
  9917 | D:7      | Found a shimmering blue altar of Sif Muna.
  9924 | D:7      | Identified Sif Muna's Reference Book on Shape Shifting
 10171 | D:8      | Found a sacrificial altar of Ru.
 10697 | D:8      | Found a hide-covered altar of Uskayaw.
 10747 | D:8      | Reached skill level 11 in Stealth
 10963 | D:8      | Found a runed translucent door.
 10963 | D:8      | Found a shimmering altar of Xom.
 10963 | D:8      | Noticed a +2 hand axe of chaos
 10963 | D:8      | Noticed hofbold's ghost (novice DjMo)
 11351 | D:8      | Noticed a seven-headed hydra
 11353 | D:8      | Killed a seven-headed hydra
 11368 | D:8      | Identified the ring of Silef {Wiz rC+ Str+2}
 11397 | D:8      | Reached skill level 5 in Dodging
 11397 | D:8      | Reached skill level 12 in Stealth
 11404 | D:8      | Identified the +11 shortbow "Cotrej" {freeze, rF+}
 11631 | D:8      | Noticed a cyclops
 11634 | D:8      | Killed a cyclops
 11904 | D:8      | Reached XP level 12. HP: 67/84 MP: 10/10
 12517 | D:8      | Killed hofbold's ghost
 12864 | D:8      | Bought a scroll of magic mapping for 45 gold pieces
 12866 | D:8      | Learned a level 1 spell: Summon Small Mammal
 13004 | D:9      | Reached skill level 13 in Stealth
 13461 | D:9      | Noticed Psyche
 13468 | D:9      | Killed Psyche
 13775 | D:9      | Noticed a frost giant
 13790 | D:9      | Killed a frost giant
 14101 | D:9      | Noticed an ice dragon
 14147 | D:9      | Killed an ice dragon
 14148 | D:9      | Reached skill level 14 in Stealth
 14329 | D:10     | Entered Level 10 of the Dungeon
 14517 | D:10     | Found a runed translucent gate.
 14517 | D:10     | Found a runed translucent gate.
 14517 | D:10     | Found a runed translucent gate.
 14706 | D:10     | Noticed Delamore's ghost (novice FoFi)
 14982 | D:10     | Found a glowing golden altar of the Shining One.
 15092 | D:11     | Found a flickering gateway to a bazaar.
 15093 | D:11     | Noticed Grum
 15119 | D:11     | Killed Grum
 15133 | Bazaar   | Entered a bazaar
 15133 | Bazaar   | Found Koikk's Magic Scroll Boutique.
 15136 | Bazaar   | Found Kamocvo's Assorted Antiques.
 15145 | Bazaar   | Found Xiusept's Armour Emporium.
 15155 | Bazaar   | Found Forphad's General Store.
 15169 | Bazaar   | Found Guokoops's Antique Weapon Boutique.
 15196 | Bazaar   | Bought a garnet ring for 95 gold pieces
 15196 | Bazaar   | Bought a potion of curing for 57 gold pieces
 15196 | Bazaar   | Bought a scroll of fear for 66 gold pieces
 15196 | Bazaar   | Bought a scroll of teleportation for 57 gold pieces
 15219 | Bazaar   | Bought a scroll of teleportation for 48 gold pieces
 15219 | Bazaar   | Bought a scroll of teleportation for 48 gold pieces
 15219 | Bazaar   | Bought a scroll of teleportation for 48 gold pieces
 15322 | D:11     | Found a flagged portal.
 15329 | Bailey   | Entered a bailey
 15429 | Bailey   | Reached skill level 15 in Stealth
 15749 | D:11     | Reached XP level 13. HP: 68/89 MP: 3/11
 16563 | D:11     | Found a staircase to the Lair.
 16991 | Lair:1   | Entered Level 1 of the Lair of Beasts
 17238 | Lair:1   | Bought a brass ring for 175 gold pieces
 17242 | Lair:1   | Lost mutation: You are partially covered in iridescent
                  | scales. (AC +2) [potion of mutation]
 17242 | Lair:1   | Lost mutation: Your magical capacity is low. (-10% MP)
                  | [potion of mutation]
 17242 | Lair:1   | Gained mutation: Your flesh is cold resistant. (rC+)
                  | [potion of mutation]
 17364 | Lair:1   | Reached skill level 16 in Stealth
 17467 | Lair:1   | Reached skill level 10 in Dodging
 18155 | Lair:2   | Found a staircase to the Shoals.
 18713 | Lair:3   | Reached skill level 5 in Shields
 18727 | Lair:3   | Slain by a seven-headed hydra

Illustrated notes

Levels and vault maps discovered:
D:1:      mushboom_english_gardens, layout_loops_ring, serial_shops,
          nicolae_shop_crystal
D:2:      layout_loops_ring, basic_altar,
          chequers_ecumenical_altar_simple_redux, uniq_natasha
D:3:      layout_basic, nicolae_dithmenos_shadow_blocks
D:4:      layout_cave_pools
D:5:      layout_loops_corners, gup_sewer_entry_bubbles, serial_shops,
          nicolae_shop_waterfront, ebering_ghost_sewer_d, uniq_grinder,
          uniq_prince_ribbit1
D:6:      layout_loops_corners, st_stairs_4, roderic_lattice_a
D:7:      layout_cave_pools, lemuel_crystal_altar,
          nzn_overflow_gifts_of_might_and_magic, minmay_temple_entry_slanted
D:8:      minmay_the_grid_plus_closed [minmay_the_grid_garden,
          minmay_the_grid_dragon_b, minmay_the_grid_small_cups,
          minmay_the_grid_broken_lines,
          minmay_the_grid_prize_four_corners_diamond_a], layout_basic,
          okawaru_gym_becter, lemuel_crystal_altar, nicolae_ru_awakened_eye,
          kennysheep_mini, ebering_ghost_xom, enter_ossuary_3,
          hangedman_decor_peaks_small
D:9:      minmay_twisted_water, layout_loops_ring,
          grunt_temple_overflow_forces_of_nature,
          gammafunk_temple_overflow_arena, uniq_pikel, uniq_psyche
D:10:     layout_cave_pools, tso_oasis_becter, gammafunk_ghost_spectres,
          uniq_fannar
D:11:     minmay_statue_hallways, layout_layer_cave, erik_lair_dragon,
          serial_shops, bzr_entry_dummy, enter_bailey_4, uniq_grum
Temple:   eino_temple_lava
Lair:1:   beast_lair_carwin_large_1, layout_regular_city
Lair:2:   layout_long_grid, shoals_dummy_entry, beast_lair_carwin_3,
          lemuel_fruit_tree, serial_bayou_shore_a
Lair:3:   layout_big_grid, basic_altar

Skill      XL: |  1  2  3  4  5  6  7  8  9 10 11 12 13 |
---------------+----------------------------------------+-----
Stealth        | 6 7 8 10 12 15 16 | 16.4
Fighting       | 3 5 8 9 |  9.2
Short Blades   | 3 5 8 10 | 10.0
Shields        | 3 4 5 |  5.0
Evocations     | 3 5 |  5.0
Throwing       | 4 8 9 |  9.4
Dodging        | 5 9 10 | 10.0

Action                   |  1- 3 |  4- 6 |  7- 9 | 10-12 | 13-15 || total
-------------------------+-------+-------+-------+-------+-------++-------
Melee: Dagger            |    34 |    91 |   297 |   851 |   254 ||  1527
       Constrict         |     3 |    21 |    35 |   115 |    23 ||   197
       Tentacles         |     2 |    12 |    56 |   259 |    91 ||   420
Throw: Dart              |       |       |    10 |    43 |       ||    53
       Javelin           |       |       |       |     1 |       ||     1
 Cast: Summon Small Mamm |       |       |       |     3 |       ||     3
Invok: Call Merchant     |       |       |       |     1 |     1 ||     2
Evoke: Wand              |       |       |     4 |    10 |     6 ||    20
       Phial of floods   |       |       |       |     1 |       ||     1
  Use: Scroll            |     7 |     5 |     6 |     9 |     1 ||    28
       Potion            |     1 |       |     2 |     8 |     5 ||    16
 Stab: Sleeping          |    16 |    17 |    22 |    27 |    13 ||    95
       Distracted        |       |     3 |     1 |     5 |     2 ||    11
       Paralysed         |       |       |     1 |     2 |       ||     3
       Confused          |       |       |       |     4 |       ||     4
       Petrifying        |       |       |       |     3 |       ||     3
Armor: Skin              |     1 |    10 |    33 |   116 |    19 ||   179
Dodge: Dodged            |     9 |    48 |   104 |   360 |   110 ||   631
Block: Buckler           |       |       |       |   141 |    49 ||   190

Table legend: (Time is in decaauts)
 A = Elapsed time spent in this place.
 B = Non-inter-level travel time spent in this place.
 C = Inter-level travel time spent in this place.
 D = Time resting spent in this place.
 E = Time spent auto-exploring this place.
 F = Levels seen in this place.
 G = Mean time per level.
                   A        B        C        D        E       F      G
               +--------+--------+--------+--------+--------+-----+--------+
         Total |  18022 |  17290 |    732 |   3967 |  10208 |  19 |  948.5 |
       Dungeon |  15184 |  14511 |    673 |   3878 |   8358 |  11 | 1380.4 |
        Temple |     20 |     13 |      7 |      0 |      5 |   1 |   20.0 |
          Lair |   1616 |   1564 |     52 |     71 |   1181 |   3 |  538.7 |
        Bazaar |     93 |     93 |      0 |      0 |      0 |   1 |   93.0 |
         Sewer |    357 |    357 |      0 |      0 |    249 |   1 |  357.0 |
       Ossuary |    387 |    387 |      0 |      0 |    264 |   1 |  387.0 |
        Bailey |    362 |    362 |      0 |     18 |    151 |   1 |  362.0 |
               +--------+--------+--------+--------+--------+-----+--------+

Top non-repeatable levels by time:
     D:8: 2678 daAuts
     D:9: 2360 daAuts
     D:6: 2145 daAuts
     D:5: 1785 daAuts
    D:11: 1370 daAuts
     D:3: 1176 daAuts
     D:2: 969 daAuts
     D:7: 940 daAuts
  Lair:1: 881 daAuts
    D:10: 705 daAuts
  Lair:2: 704 daAuts
     D:1: 602 daAuts
     D:4: 450 daAuts
 Ossuary: 387 daAuts
  Bailey: 362 daAuts
